 Dungeon Crawl Stone Soup version 0.16-a0-3638-g6091178 (webtiles) character file.

419 kudryavka the Cleaver (level 6, -4/50 HPs)
             Began as a Hill Orc Gladiator on Jan 15, 2015.
             Was an Initiate of Qazlal.
             Slain by a slave (6 damage)
             ... led by Pikel
             ... on level 4 of the Dungeon.
             The game lasted 00:11:48 (4526 turns).

kudryavka the Cleaver (Hill Orc Gladiator)          Turns: 4526, Time: 00:11:48

Health: -4/50      AC: 10    Str: 20    XL:     6   Next: 93%
Magic:  6/6        EV:  8    Int:  8    God:    Qazlal [......]
Gold:   244        SH:  0    Dex: 11    Spells: 0 memorised, 5 levels left

rFire  . . .     SeeInvis .     a - +0 war axe
rCold  . . .     Clarity  .     t - +0 chain mail
rNeg   . . .     SustAb   .     (no shield)
rPois  .         Gourm    .     c - +0 helmet
rElec  .         Spirit   .     (no cloak)
rCorr  .         Warding  .     g - +0 pair of gloves
rMut   .         Stasis   .     (no boots)
MR     .....                    (no amulet)
Stlth  ..........               (no ring)
                                (no ring)

@: not resistant to hostile enchantments, extremely unstealthy
A: no striking features
a: Renounce Religion


You were on level 4 of the Dungeon.
You worshipped Qazlal.
Qazlal was noncommittal.
You were not hungry.

You visited 1 branch of the dungeon, and saw 4 of its levels.

You collected 244 gold pieces.

Inventory:

Hand weapons
 a - a +0 war axe (weapon)
Missiles
 d - 3 throwing nets (quivered)
 i - 17 stones
Armour
 b - a +0 leather armour
 c - a +0 helmet (worn)
 g - a +0 pair of gloves (worn)
 s - a +0 ring mail
 t - a +0 chain mail (worn)
Magical devices
 w - a wand of disintegration (6)
 y - a wand of magic darts (24)
 B - a wand of confusion (6)
Scrolls
 l - 4 scrolls of remove curse
 n - a scroll of fear {unknown}
 o - 3 scrolls of random uselessness {unknown}
 p - a scroll of teleportation
 u - 2 scrolls of blinking
 v - a scroll of noise {unknown}
 A - a scroll of amnesia {unknown}
 C - a scroll of identify
Potions
 e - 2 potions of ambrosia {unknown}
 k - a potion of curing
 q - a potion of haste
 r - a potion of agility
 z - a potion of brilliance {unknown}
 D - a potion of beneficial mutation {unknown}
 E - a potion of magic {unknown}
Comestibles
 f - 5 meat rations
 h - 2 fruits
 j - 2 bread rations


   Skills:
 - Level 2.4 Fighting
 + Level 9.9 Axes
 - Level 2.0 Throwing
 - Level 2.4 Dodging


You had 5 spell levels left.
You didn't know any spells.

Dungeon Overview and Level Annotations

Branches:
Dungeon (4/15)
 Temple: D:4-7

Altars:
Elyvilon
Qazlal
The Shining One

Annotations:
D:4 Gronka's ghost, average MiFi; Pikel


Message History

There is an open door here.
You feel sick.
Your chain mail prevents you from hitting the giant newt.
The giant newt closely misses you.
You barely miss the giant newt.
You feel sick.
The giant newt bites you but does no damage.
You hit the giant newt.
You kill the giant newt!
Qazlal accepts your kill.
You feel sick.
You are no longer poisoned.
Gronka's ghost screams, "Don't try to defend!
You have no chance!"
The slave shouts!
Pikel shouts!
The slave shouts!
The slave shouts!
Gronka's ghost hits you!
* * * LOW HITPOINT WARNING * * *
You see here a giant newt corpse.
The slave hits you.
You die...

#W##......##...######
#.##.#######...# #+#
#.##############
######.## #....W....#
#........ #########'##
#.####.##
#...##########.# #.#
#..W#.W†.......# #.##
#...#.###......####.#.
###...#@###.........#.#.
#.......p##p........#.#.
#...................#...
#.......................
#.........#############.
#.......).......# #.
#...............# ####.
########........# #....
##'####### #.##.


You could see a slave and Gronka's ghost.

Vanquished Creatures
  The ghost of vatarom the Sneak, an average VSAs (D:3)
  A slave (D:4)
  A scorpion (D:4)
  A hound (D:4)
  Natasha (thrice) (D:4)
  2 worker ants (D:4)
  3 adders
  3 gnolls (D:2)
  A worm (D:2)
  A giant mite (D:4)
  A giant gecko (D:3)
  7 orcs
  A ball python (D:1)
  11 bats
  6 goblins
  9 hobgoblins
  6 jackals
  3 quokkas (D:3)
  A giant cockroach (D:4)
  6 giant newts
  5 kobolds
  A quokka skeleton (D:4)
  7 rats
81 creatures vanquished.

Notes
Turn   | Place    | Note
--------------------------------------------------------------
     0 | D:1      | kudryavka, the Hill Orc Gladiator, began the quest for the Orb.
     0 | D:1      | Reached XP level 1. HP: 18/18 MP: 1/1
   240 | D:1      | Reached XP level 2. HP: 25/25 MP: 2/2
   607 | D:1      | Reached skill level 5 in Axes
  1095 | D:2      | Reached XP level 3. HP: 30/30 MP: 3/3
  1268 | D:2      | Reached skill level 6 in Axes
  1300 | D:2      | Reached XP level 4. HP: 18/37 MP: 4/4
  2170 | D:3      | Reached skill level 7 in Axes
  2788 | D:3      | Noticed vatarom's ghost (average VSAs)
  2811 | D:3      | Killed vatarom's ghost
  2811 | D:3      | Reached skill level 8 in Axes
  2811 | D:3      | Reached XP level 5. HP: 34/42 MP: 5/5
  3183 | D:4      | Noticed Natasha
  3190 | D:4      | Killed Natasha
  3190 | D:4      | Reached XP level 6. HP: 44/50 MP: 6/6
  3295 | D:4      | Noticed Natasha
  3300 | D:4      | Killed Natasha
  3336 | D:4      | Noticed Gronka's ghost (average MiFi)
  3535 | D:4      | Reached skill level 9 in Axes
  3543 | D:4      | Found a stormy altar of Qazlal.
  3567 | D:4      | Became a worshipper of Qazlal Stormbringer
  3640 | D:4      | Noticed Natasha
  3644 | D:4      | Killed Natasha
  3684 | D:4      | Found a glowing golden altar of the Shining One.
  3721 | D:4      | Found a white marble altar of Elyvilon.
  4130 | D:4      | Noticed a slave
  4130 | D:4      | Noticed a slave
  4131 | D:4      | Noticed Pikel
  4132 | D:4      | Noticed a slave
  4134 | D:4      | Noticed a slave
  4158 | D:4      | Killed a slave
  4166 | D:4      | HP: 1/50 [Pikel/whip of electrocution (18)]
  4520 | D:4      | HP: 1/50 [Gronka's ghost (11)]
  4526 | D:4      | Slain by a slave

Action                   |  1- 3 |  4- 6 || total
-------------------------+-------+-------++-------
Melee: War axe           |    84 |   250 ||   334
  Use: Scroll            |       |     7 ||     7
  Eat: Chunk             |     1 |     6 ||     7
       Beef jerky        |       |     2 ||     2
       Pizza             |       |     1 ||     1
